 Dungeon Crawl Stone Soup version 0.19.3-4-gbf9329e (webtiles) character file.

74 protoss039 the Covered (level 4, -1/40 HPs)
             Began as a Minotaur Fighter on Jan 29, 2017.
             Killed from afar by Sigmund (8 damage)
             ... with a magic dart
             ... on level 2 of the Dungeon.
             The game lasted 00:05:24 (825 turns).

protoss039 the Covered (Minotaur Fighter)            Turns: 825, Time: 00:05:25

Health: -1/40      AC:  9    Str: 21    XL:     4   Next: 10%
Magic:  3/3        EV:  7    Int:  5    God:
Gold:   88         SH:  9    Dex: 10    Spells: 0 memorised, 3 levels left

rFire  . . .     SeeInvis .     a - +0 war axe
rCold  . . .     Gourm    .     b - +0 scale mail
rNeg   . . .     Faith    .     c - +0 shield
rPois  .         Spirit   .     i - +2 hat
rElec  .         Reflect  .     (no cloak)
rCorr  .         Harm     .     (no gloves)
MR     .....                    (no boots)
Stlth  ..........               (no amulet)
                                (no ring)
                                (no ring)

@: no status effects
A: retaliatory headbutt, horns 2
a: no special abilities


You were on level 2 of the Dungeon.
You were not hungry.

You visited 1 branch of the dungeon, and saw 2 of its levels.

You collected 88 gold pieces.

Inventory:

Hand Weapons
 a - a +0 war axe (weapon)
Missiles
 j - 10 arrows
Armour
 b - a +0 scale mail (worn)
 c - a +0 shield (worn)
 i - a +2 hat (worn)
Jewellery
 m - an uncursed amulet of regeneration {unknown}
Scrolls
 e - a scroll of immolation {unknown}
 h - 2 scrolls of magic mapping {unknown}
 n - a scroll of teleportation {unknown}
Potions
 d - a potion of might
Comestibles
 f - 2 bread rations
 g - a beef jerky
 k - a meat ration
 l - 19 chunks of flesh


   Skills:
 + Level 4.2 Fighting
 + Level 3.9 Axes
 + Level 4.2 Armour
 + Level 4.1 Shields


You had 3 spell levels left.
You didn't know any spells.

Dungeon Overview and Level Annotations

Branches:
Dungeon (2/15)

Altars:

Annotations:
D:2 Sigmund


Innate Abilities, Weirdness & Mutations

You reflexively headbutt those who attack you in melee.
You have a pair of horns on your head.


Message History

You see here a club.
You hit the bush but do no damage.
You headbutt the bush, but do no damage.
You feel less confused. You block Sigmund's attack.
Press: ? - help, v - describe, . - travel
Here: Sigmund, wielding a scythe of flaming and wearing a runed robe (moderately wounded)
The floor.
Found a bread ration.
Sigmund points at you and mumbles some strange words.
You are confused.
You bump into the rock wall.
You bump into the rock wall.
Sigmund says, "Look into my eyes."
Sigmund gestures at you while chanting. You resist with some effort.
You feel less confused.
Sigmund points at you and mumbles some strange words.
The magic dart hits you!
You die...

..).......############.....PP♣
........#....÷......###...).P.
........###########.######..♣P
........###### #...........
.........#...## ###..)......
..............## ##..........
.............#.#..# ##..........#
.#.............##.###.....#.##.##
................@...@.....#.##.#
..............#.....#..P...##.#
#...............#.##.PPP.###..#
#....................♣♣P..# .##
##.....).............PP♣P.P..>
...÷)...............PP.♣ %P♣.
...).).............PP♣♣♣ .♣
..).)..............P♣♣
..)...................


You could see Sigmund.

Vanquished Creatures
  Robin (D:2)
  An adder (D:2)
  2 oozes (D:1)
  A dart slug (D:1)
  A leopard gecko (D:2)
  A bat (D:1)
  3 giant cockroaches
  13 goblins
  3 hobgoblins
  3 jackals (D:2)
  5 kobolds (D:1)
  3 frilled lizards
  3 rats
40 creatures vanquished.

Notes
Turn   | Place    | Note
-------+----------+-------------------------------------------
     0 | D:1      | protoss039 the Minotaur Fighter began the quest for the Orb.
     0 | D:1      | Reached XP level 1. HP: 19/19 MP: 0/0
   126 | D:1      | Reached XP level 2. HP: 23/27 MP: 1/1
   572 | D:1      | Reached XP level 3. HP: 33/33 MP: 2/2
   665 | D:2      | Noticed Robin
   674 | D:2      | Killed Robin
   760 | D:2      | Reached XP level 4. HP: 27/40 MP: 3/3
   793 | D:2      | Noticed Sigmund
   825 | D:2      | Killed from afar by Sigmund

Skill      XL: |  1  2  3 |
---------------+----------+-----
Armour         | 4 |  4.2
Fighting       | 4 |  4.2
Axes           | 3 |  3.9
Shields        | 4 |  4.1

Action                   |  1- 3 |  4- 6 || total
-------------------------+-------+-------++-------
Melee: War axe           |    70 |     7 ||    77
       Headbutt          |     7 |     3 ||    10
Armor: Scale mail        |    40 |     1 ||    41
Dodge: Dodged            |    20 |     1 ||    21
Block: Shield            |    42 |     3 ||    45
